 Dungeon Sprint DCSS version 0.19.1 (webtiles) character file.

343 equalderp2856 the Gouger (level 6, -15/31 HPs)
             Began as a Felid Fighter on Dec 3, 2016.
             Demolished by a hill giant
             ... wielding a +0 giant club
              (24 damage)
             ... in the Dungeon (Sprint IX: "|||||||||||||||||||||||||||||").
             The game lasted 00:01:40 (531 turns).

equalderp2856 the Gouger (Felid Fighter)             Turns: 531, Time: 00:01:43

Health: -15/31     AC:  2    Str: 19    XL:     6   Next: 31%
Magic:  7/7        EV: 24    Int: 10    God:
Gold:   0          SH:  0    Dex: 16    Spells: 0 memorised, 5 levels left
                                        Lives:  0   Deaths: 1

rFire  . . .     SeeInvis +       - Unarmed
rCold  . . .     Gourm    .     (armour unavailable)
rNeg   . . .     Faith    .     (shield unavailable)
rPois  .         Spirit   .     (helmet unavailable)
rElec  .         Reflect  .     (cloak unavailable)
rCorr  .         Harm     .     (gloves unavailable)
MR     .....     NoTele   +     (boots unavailable)
Stlth  ++........               (no amulet)
                                n - +3 ring of strength
                                m - +3 ring of strength

@: slowed, slow
A: no armour, no weapons or thrown items, stealth, claws 1, fangs 3, see
invisible, carnivore 3, speed 1, shaggy fur 2, slow metabolism 1, sharp paws
a: no special abilities


You were in the Dungeon.
You were not hungry.

You visited 1 branch

Inventory:

Jewellery
 m - a +3 ring of strength (left paw)
 n - a +3 ring of strength (right paw)
Wands
 l - a wand of iceblast (7/15)
Scrolls
 h - 2 scrolls of blinking
 j - 3 scrolls of remove curse
 k - 2 scrolls of amnesia
Potions
 a - a potion of might
 c - 5 potions of curing
 d - a potion of invisibility
 e - a potion of haste
 f - 4 potions of magic
 g - a potion of berserk rage
 i - a potion of heal wounds
Comestibles
 b - a meat ration


   Skills:
 + Level 6.9 Fighting
 + Level 9.0 Dodging
 + Level 1.7 Stealth
 + Level 11.8 Unarmed Combat


You had 5 spell levels left.
You didn't know any spells.

Dungeon Overview and Level Annotations

Branches:
Dungeon (1/1)

Altars:
Cheibriados
Dithmenos
Elyvilon
Fedhas
Gozag
Hepliaklqana
Kikubaaqudgha
Makhleb
Nemelex Xobeh
Okawaru
Qazlal
Ru
Sif Muna
Trog
Uskayaw
Vehumet
Xom
Yredelemnul
Zin
The Shining One
Beogh
Jiyva
Lugonu


Innate Abilities, Weirdness & Mutations

You cannot wear armour.
You are incapable of wielding weapons or throwing items.
Your paws allow you to move quietly. (Stealth)
You have sharp claws.
You have razor-sharp teeth.
You have supernaturally acute eyesight. (SInv)
You are carnivorous and can eat meat at any time.
You cover ground quickly.
You are covered in thick fur. (AC +2)
You have a slow metabolism.
Your sharp claws are effective at attacking unaware monsters.


Message History

The wraith drains your vigour!
You feel as though you will be slow longer.
You claw the wraith! You bite the wraith, but do no damage.
The wraith is almost destroyed.
The wraith hits you.
* * * LOW HITPOINT WARNING * * *
The wraith completely misses you.
You scratch the wraith.
You destroy the wraith!
Your Dodging skill increases to level 9!
Your Unarmed Combat skill increases to level 11!
You have reached level 6!
Your experience leads to an increase in your attributes!
Your base attributes are Str 13, Int 10, Dex 15.
Increase (S)trength, (I)ntelligence, or (D)exterity?
You feel agile.
Your fur grows into a thick mane.
The hill giant hits you with a giant club!!
Ouch! That really hurt!
You die...

▓.▓.▓
▓.▓+▓
▓.▓.▓
▓.▓.▓
▓.▓h▓
▓.▓y▓
▓.▓O▓
▓.▓C▓
▓.▓@▓
▓.▓.▓
▓...▓
▓▓▓▓▓


You could see a hill giant, an ogre, a hound and a killer bee.

Vanquished Creatures
  A wraith (D)
  A mottled dragon (D)
  A killer bee (D)
  A wight (D)
  A hound (D)
  A worker ant (D)
  An adder (D)
  An adder zombie (D)
  An orc (D)
  A bat skeleton (D)
  3 goblins (D)
  A hobgoblin (D)
  A jackal (D)
15 creatures vanquished.

Notes
Turn   | Place    | Note
-------+----------+-------------------------------------------
     0 | D        | equalderp2856 the Felid Fighter began the quest for the Orb.
     0 | D        | Reached XP level 1. HP: 10/10 MP: 2/2
    15 | D        | Reached skill level 5 in Unarmed Combat
   105 | D        | Noticed a worker ant
   105 | D        | Noticed a hound
   116 | D        | Killed a worker ant
   116 | D        | Reached skill level 5 in Dodging
   116 | D        | Reached skill level 6 in Unarmed Combat
   116 | D        | Reached XP level 2. HP: 9/15 MP: 3/3
   116 | D        | Reached XP level 3. HP: 11/18 MP: 4/4
   133 | D        | Reached skill level 7 in Unarmed Combat
   136 | D        | Reached XP level 4. HP: 9/22 MP: 5/5
   259 | D        | Found a roughly hewn altar of Beogh.
   259 | D        | Found a snail-covered altar of Cheibriados.
   259 | D        | Found a shadowy altar of Dithmenos.
   259 | D        | Found a white marble altar of Elyvilon.
   259 | D        | Found a blossoming altar of Fedhas.
   259 | D        | Found an opulent altar of Gozag.
   260 | D        | Found a hazy altar of Hepliaklqana.
   261 | D        | Found a viscous altar of Jiyva.
   262 | D        | Found an ancient bone altar of Kikubaaqudgha.
   263 | D        | Found a corrupted altar of Lugonu.
   264 | D        | Found a burning altar of Makhleb.
   265 | D        | Found a sparkling altar of Nemelex Xobeh.
   266 | D        | Found an iron altar of Okawaru.
   267 | D        | Found a stormy altar of Qazlal.
   268 | D        | Found a sacrificial altar of Ru.
   269 | D        | Found a deep blue altar of Sif Muna.
   270 | D        | Found a bloodstained altar of Trog.
   271 | D        | Found a hide-covered altar of Uskayaw.
   322 | D        | Found a radiant altar of Vehumet.
   323 | D        | Found a shimmering altar of Xom.
   324 | D        | Found a basalt altar of Yredelemnul.
   325 | D        | Found a glowing silver altar of Zin.
   326 | D        | Found a glowing golden altar of the Shining One.
   491 | D        | Noticed an ogre
   491 | D        | Noticed an orc warrior
   491 | D        | Noticed a vampire
   496 | D        | Reached skill level 5 in Fighting
   496 | D        | Reached skill level 8 in Unarmed Combat
   503 | D        | Reached skill level 9 in Unarmed Combat
   503 | D        | Reached XP level 5. HP: 13/26 MP: 6/6
   504 | D        | Slain by an ogre
   505 | D        | Reached XP level 4. HP: -3/23 MP: 5/5
   516 | D        | Noticed an ogre
   516 | D        | Noticed a hill giant
   516 | D        | Noticed a wraith
   516 | D        | Noticed a mottled dragon
   522 | D        | Killed a mottled dragon
   522 | D        | Reached skill level 1 in Stealth
   522 | D        | Reached skill level 10 in Unarmed Combat
   522 | D        | Reached XP level 5. HP: 18/27 MP: 6/6
   531 | D        | Killed a wraith
   531 | D        | Reached skill level 11 in Unarmed Combat
   531 | D        | Gained mutation: You are covered in thick fur. (AC +2) [Felid growth]
   531 | D        | Reached XP level 6. HP: 9/31 MP: 7/7
   531 | D        | Demolished by a hill giant

Skill      XL: |  1  2  3  4  5 |
---------------+----------------+-----
Unarmed Combat | 6 7 10 11 | 11.8
Fighting       | 4 6 |  6.9
Dodging        | 5 6 8 9 |  9.0
Stealth        | 1 |  1.7

Action                   |  1- 3 |  4- 6 || total
-------------------------+-------+-------++-------
Melee: Unarmed           |    40 |    25 ||    65
       Bite              |     4 |     5 ||     9
       Punch             |       |     1 ||     1
  Use: Potion            |     1 |     1 ||     2
Armor: Skin              |     2 |     1 ||     3
Dodge: Dodged            |    28 |    16 ||    44
